 Dungeon Crawl Stone Soup version 0.22.1-6-g1668fe2 (webtiles) character file.

42 Kairos the Charmwright (level 3, 0/18 HPs)
             Began as a Vine Stalker Skald on Jan 22, 2019.
             Shot with a stone by a goblin (3 damage)
             ... on level 2 of the Dungeon.
             The game lasted 00:00:59 (1145 turns).

Kairos the Charmwright (Vine Stalker Skald)         Turns: 1145, Time: 00:01:00

Health: 0/18       AC:  3    Str: 14    XL:     3   Next: 56%
Magic:  0/7        EV: 12    Int: 13    God:
Gold:   45         SH:  0    Dex: 13    Spells: 5/6 levels left

rFire    . . .     SeeInvis .   a - +0 hand axe
rCold    . . .     Gourm    .   (no shield)
rNeg     . . .     Faith    .   b - +0 leather armour
rPois    .         Spirit   +   (no helmet)
rElec    .         Reflect  .   (no cloak)
rCorr    .         Harm     .   (no gloves)
MR       .....                  (no boots)
Stlth    +.........             (no amulet)
HPRegen  0.06/turn              (no ring)
MPRegen  0.10/turn              (no ring)

@: no status effects
A: fangs 2, magic shield, antimagic bite, no potion heal 3, rot immunity
a: no special abilities


You were on level 2 of the Dungeon.
You were hungry.

You visited 1 branch of the dungeon, and saw 2 of its levels.

You collected 45 gold pieces.

Inventory:

Hand Weapons
 a - a +0 hand axe (weapon)
Armour
 b - a +0 leather armour (worn)
Scrolls
 c - a scroll of immolation {unknown}
 f - a scroll of blinking {unknown}
 h - a scroll of remove curse {unknown}
Potions
 e - 2 potions of curing {unknown}
 g - 2 potions of might {unknown}
Comestibles
 d - 2 rations


   Skills:
 + Level 2.2 Fighting
 + Level 2.2 Axes
 + Level 1.0 Armour
 + Level 1.9 Dodging
 + Level 2.1 Spellcasting
 + Level 3.4 Charms


You had 5 spell levels left.
You knew the following spells:

 Your Spells              Type           Power        Failure   Level  Hunger
a - Infusion              Chrm           ##..         8%          1    ##.....

Your spell library contained the following spells:

 Spells                   Type           Power        Failure   Level  Hunger
 Song of Slaying          Chrm           ##......     11%         2    ###....
 Shroud of Golubria       Chrm/Tloc      #.........   22%         2    ###....
 Regeneration             Chrm/Necr      #.........   41%         3    ####...
 Spectral Weapon          Hex/Chrm       #.......     41%         3    ####...


Dungeon Overview and Level Annotations

Branches:
Dungeon (2/15)

Altars:


Innate Abilities, Weirdness & Mutations

You have extremely sharp teeth.
When hurt, damage is shared between your health and your magic reserves.
Your bite disrupts and absorbs the magic of your enemies.
Potions cannot restore your health.
You are immune to rotting.


Message History

You are too injured to fight recklessly!
You are too injured to fight recklessly!
You are too injured to fight recklessly!
You are too injured to fight recklessly!
You are too injured to fight recklessly!
You are too injured to fight recklessly!
You are too injured to fight recklessly!
You are too injured to fight recklessly!
You are too injured to fight recklessly!
You are too injured to fight recklessly!
You hit the worm. You bite the worm. You drain its power.
You feel invigorated.
The worm is almost dead.
The worm bites you!
* * * LOW HITPOINT WARNING * * *
The goblin shoots a stone.
The stone closely misses you.
You hit the worm.
You kill the worm!
The goblin shoots a stone.
The stone hits you but does no damage.
The goblin shoots a stone.
The stone hits you.
You die...

###### . .... .
###... .##.
####...$#####....
........(.......
#...(.(†...#
.##.#........#
.........(...#
...#.?.@(....# .#
##........#
.......g.....#
########.#.#...
#.....#..
#.#.#....
..$..... ...#...


You could see a goblin.

Vanquished Creatures
  A worm (D:2)
  2 leopard geckos
  3 bats (D:1)
  2 giant cockroaches (D:1)
  2 hobgoblins (D:1)
  6 jackals (D:1)
  3 kobolds
  9 frilled lizards (D:1)
  5 goblins
  3 rats (D:1)
36 creatures vanquished.

Notes
Turn   | Place    | Note
-------+----------+-------------------------------------------
     0 | D:1      | Kairos the Vine Stalker Skald began the quest for the Orb.
     0 | D:1      | Reached XP level 1. HP: 11/11 MP: 4/4
    34 | D:1      | Reached XP level 2. HP: 10/15 MP: 4/6
    44 | D:1      | Reached skill level 1 in Armour
   387 | D:1      | Reached XP level 3. HP: 15/18 MP: 4/7
  1145 | D:2      | Shot with a stone by a goblin

Skill      XL: |  1  2  3 |
---------------+----------+-----
Fighting       | 2 |  2.2
Armour         | 1 |  1.0
Axes           | 2 |  2.2
Dodging        | |  1.9
Spellcasting   | |  2.1
Charms         | |  3.4

Action                   || total
-------------------------++-------
Melee: Hand axe          ||    91
       Bite              ||    19
Armor: Leather armour    ||    20
Dodge: Dodged            ||    86
